AoeStats
← Danatis

Arabia

505691944Analyzed
1v1 RM · 22d ago on Sep 10, 2026· 43m 46s· 2 players
Game mode
Random Map
Map size
Tiny (2 player)
Population
200
Speed
Normal
Resources
Standard
Victory
Conquest
Starting age
Dark Age
Ending age
Imperial Age
RankedLock teamsTeams togetherTeam positionsShared explorationLock speedFull tech treeHidden civsTurbo modeCheats
Victory
Defeat
🇹🇼 Tatars · Taiwan
1770
+11
🇬🇧 Magyars · United Kingdom
1652
-11
Danatis
5:14 Loom
6:10 Loom
9:02 Feudal Age
9:30 Double-Bit Axe
9:52 Double-Bit Axe
15:02 Fletching
22:23 Castle Age
20:13 Horse Collar
21:43 Padded Archer Armor
22:25 Crossbowman
23:04 Bodkin Arrow
25:10 Bow Saw
26:06 Bloodlines
28:42 Ballistics
29:57 Leather Archer Armor
35:35 Wheelbarrow
38:56 Imperial Age
37:32 Scale Barding Armor
37:37 Gold Mining
38:37 Chain Barding Armor
38:27 Husbandry
40:04 Bracer
41:07 Chemistry
41:47 Ring Archer Armor
41:21 Light Cavalry
42:44 Conscription
43:24 Plate Barding Armor
SnowyP
5:42 Loom
8:54 Feudal Age
12:15 Double-Bit Axe
13:30 Horse Collar
16:11 Fletching
17:13 Padded Archer Armor
22:14 Castle Age
23:00 Bodkin Arrow
23:21 Leather Archer Armor
23:20 Elite Skirmisher
25:31 Bloodlines
25:22 Husbandry
27:33 Ballistics
34:26 Bow Saw
37:07 Wheelbarrow
40:56 Imperial Age
39:36 Scale Barding Armor
40:10 Corvinian Army
40:42 Hand Cart
41:06 Town Watch
42:01 Chain Barding Armor
43:23 Plate Barding Armor
43:13 Husbandry
Connection lost

Rejoining the realm…

Still unreachable

The connection could not be restored.

Session expired

The server has moved on; the page needs a fresh start.